AoeStats
← Alexmason

Black Forest

509755049Analyzed
4v4 RM · 6d ago on Sep 27, 2026· 40m 0s· 8 players
Game mode
Random Map
Map size
Large (8 player)
Population
200
Speed
Normal
Resources
Standard
Victory
Conquest
Starting age
Dark Age
Ending age
Imperial Age
RankedLock teamsTeams togetherTeam positionsShared explorationLock speedFull tech treeHidden civsTurbo modeCheats
Victory
Defeat
🇸🇻 Bohemians · El Salvador
1362
+2
🇵🇪 Mongols · Peru
849
+16
🇨🇱 Cumans · Chile
779
+19
🇫🇷 Khmer · France
707
+22
🇨🇱 Huns · Chile
927
-49
🇨🇱 Franks · Chile
927
-46
🇨🇱 Teutons · Chile
871
-14
🇨🇱 Wei · Chile
822
-12
Naikeleto
1:59 Loom
13:04 Feudal Age
14:03 Double-Bit Axe
15:56 Horse Collar
17:52 Wheelbarrow
17:16 Gold Mining
20:14 Fletching
20:19 Stone Mining
25:12 Castle Age
24:44 Padded Archer Armor
25:49 Bodkin Arrow
26:06 Bow Saw
26:42 Heavy Plow
27:21 Gold Shaft Mining
27:34 Fervor
28:03 Hand Cart
28:08 Town Watch
30:15 Elite Skirmisher
31:08 Town Patrol
32:31 Tuntian
35:16 Imperial Age
34:49 Stone Shaft Mining
34:29 Husbandry
34:41 Bloodlines
35:48 Scale Barding Armor
35:54 Forging
36:06 Ballistics
35:27 Treadmill Crane
37:20 Conscription
38:11 Heavy Hei Guang Cavalry
Alexmason
0:27 Loom
14:45 Feudal Age
15:20 Double-Bit Axe
15:22 Horse Collar
22:40 Castle Age
21:35 Stone Mining
21:37 Gold Mining
23:53 Bow Saw
29:50 Heavy Plow
35:55 Imperial Age
36:18 Wheelbarrow
36:17 Scale Mail Armor
37:06 Conscription
36:25 Capped Ram
38:16 Ironclad
39:47 Stone Shaft Mining
CerezaCowea
2:36 Loom
11:36 Feudal Age
12:47 Double-Bit Axe
12:44 Horse Collar
14:32 Wheelbarrow
15:11 Gold Mining
21:09 Castle Age
20:11 Bloodlines
22:14 Bow Saw
23:21 Husbandry
24:10 Heavy Plow
26:47 Hand Cart
29:53 Gold Shaft Mining
32:09 Thumb Ring
32:19 Thumb Ring
34:45 Ballistics
41:35 Imperial Age
Mr Popo
0:58 Loom
17:58 Feudal Age
20:02 Wheelbarrow
21:07 Town Watch
20:55 Man-at-Arms
22:22 Gold Mining
22:22 Double-Bit Axe
23:13 Stone Mining
23:22 Arson
26:43 Padded Archer Armor
26:33 Fletching
31:58 Castle Age
33:39 Gold Shaft Mining
33:22 Hand Cart
36:56 Town Patrol
DK
11:22 Feudal Age
18:22 Castle Age
17:27 Double-Bit Axe
17:27 Horse Collar
17:43 Fletching
20:55 Bow Saw
20:53 Bodkin Arrow
22:01 Heavy Plow
22:59 Scale Mail Armor
26:53 Ballistics
27:40 Nomads
29:01 Wheelbarrow
29:10 Bloodlines
29:33 Scale Barding Armor
30:21 Husbandry
30:53 Forging
31:42 Chain Barding Armor
32:04 Chain Mail Armor
34:40 Caravan
35:24 Iron Casting
37:37 Hand Cart
41:49 Imperial Age
mustelidox
1:04 Loom
16:00 Feudal Age
17:22 Wheelbarrow
18:12 Double-Bit Axe
26:25 Horse Collar
31:10 Castle Age
29:35 Stone Mining
30:07 Fletching
33:05 Capped Ram
35:09 Hand Cart
34:59 Gold Mining
35:48 Bow Saw
35:58 Heavy Plow
Trimetroprim
9:00 Loom
10:54 Feudal Age
14:51 Castle Age
16:27 Padded Archer Armor
16:28 Scale Mail Armor
16:16 Double-Bit Axe
17:22 Horse Collar
18:07 Forging
21:15 Town Watch
23:18 Leather Archer Armor
24:34 Town Patrol
25:13 Wheelbarrow
24:58 Bow Saw
28:55 Imperial Age
27:46 Chemistry
27:35 Chain Mail Armor
26:41 Pikeman
28:07 Hand Cart
28:44 Iron Casting
28:37 Fletching
29:09 Squires
32:32 Plate Mail Armor
33:03 Blast Furnace
34:57 Ring Archer Armor
36:05 Bodkin Arrow
35:37 Halberdier
36:59 Bracer
38:18 Houfnice
39:05 Scale Barding Armor
jpd17
14:53 Feudal Age
17:56 Wheelbarrow
17:21 Double-Bit Axe
22:36 Castle Age
20:22 Horse Collar
22:16 Stone Mining
22:40 Scale Mail Armor
23:41 Crossbowman
24:58 Pikeman
25:41 Husbandry
27:51 Stone Shaft Mining
29:13 Bow Saw
31:17 Hand Cart
31:31 Forging
31:30 Gold Mining
32:53 Arson
33:22 Caravan
34:18 Bloodlines
34:42 Scale Barding Armor
36:46 Heavy Plow
36:48 Fletching
38:09 Gold Shaft Mining
42:00 Imperial Age
Connection lost

Rejoining the realm…

Still unreachable

The connection could not be restored.

Session expired

The server has moved on; the page needs a fresh start.